 Dungeon Crawl Stone Soup version 0.28.0-43-g3370ac3207 (webtiles) character file.

Game seed: 11762543762996241573

31794 tizbic2 the Thaumaturge (level 13, -2/96 HPs)
             Began as a Djinni Hedge Wizard on Mar 5, 2022.
             Was a High Priest of Makhleb.
             Killed by the raging water
             ... invoked by a water nymph
              (13 damage)
             ... on level 1 of the Shoals.
             The game lasted 02:14:19 (13804 turns).

tizbic2 the Thaumaturge (Djinni Hedge Wizard)      Turns: 13804, Time: 02:14:20

Health: -2/96      AC: 10    Str: 12 (15) XL:     13   Next: 99%
Gold:   640        EV: 11    Int: 26 (27) God:    Makhleb [*****.] SH:  4 Dex: 11 (13)

rFire   + . .      SeeInvis .   w - +6 whip (vamp)
rCold   . . .      Faith    .   M - +0 buckler
rNeg    . . .      Spirit   .   f - +0 ring mail "Rucacsus" {+Inv Regen+ rCorr Int+4}
rPois   ∞          Reflect  .   b - +2 hat
rElec   .          Harm     .   W - +0 cloak
rCorr   +          Rampage  .   y - +0 pair of gloves
Will    ++...                   (boots unavailable)
Stlth   +.........              r - amulet of regeneration
HPRegen 1.86/turn               A - ring of willpower
MPRegen 0.00/turn               N - ring of Hisem {Ice Str+2 Int+4}

@: about to teleport, engulfed, flying, mesmerised
A: sickness immunity, fire resistance 2, cold vulnerability 1, float, innate
caster, HP casting, extra vitality 1, antennae 1, claws 1, strong 1
a: Renounce Religion, Evoke Invisibility, Minor Destruction, Lesser Servant of
Makhleb, Major Destruction, Greater Servant of Makhleb


You were on level 1 of the Shoals.
You worshipped Makhleb.
Makhleb was extremely pleased with you.
You visited 4 branches of the dungeon, and saw 15 of its levels.

You collected 934 gold pieces.
You spent 294 gold pieces at shops.

Inventory:

Hand Weapons
 a - a +2 flail of holy wrath
 q - a +4 flail of freezing
 w - a +6 vampiric whip (weapon)
 Z - the +3 hand axe of a Labyrinth {vorpal, Int+4 Stlth+}
   (You found it on level 5 of the Dungeon)

   It inflicts extra damage upon your enemies.
   Int:       It affects your intelligence (+4).
   Stlth:     It makes you more stealthy.
Missiles
 x - 12 boomerangs of dispersal
 G - a throwing net
Armour
 b - a +2 hat (worn)
 f - the +0 ring mail "Rucacsus" (worn) {+Inv Regen+ rCorr Int+4}
   (You found it on level 3 of the Lair of Beasts)

   Int:       It affects your intelligence (+4).
   +Inv:      It lets you turn invisible.
   Regen:     It increases your rate of health regeneration.
   rCorr:     It protects you from acid and corrosion.
 y - a +0 pair of gloves (worn)
 H - a +0 plate armour of cold resistance
 M - a +0 buckler (worn)
 S - +0 acid dragon scales
 W - a +0 cloak (worn)
Magical Staves
 m - a staff of air
 B - a staff of fire
 V - a staff of earth
Jewellery
 i - a ring of protection from fire
 r - an amulet of regeneration (around neck)
 s - a ring of positive energy
 t - a ring of resist corrosion
 A - a ring of willpower (left hand)
 N - the ring of Hisem (right hand) {Ice Str+2 Int+4}
   (You bought it in a shop on level 7 of the Dungeon)

   [ring of ice]

   It enhances your ice magic.
   Str:       It affects your strength (+2).
   Int:       It affects your intelligence (+4).
   rF:        It makes you vulnerable to fire.
   rC:        It protects you from cold.
 X - the ring "Nawee" {Wiz rElec}
   (You found it on level 7 of the Dungeon)

   [ring of wizardry]

   It improves your spell success rate.
   rElec:     It insulates you from electricity.
Wands
 j - a wand of mindburst (17)
 n - a wand of paralysis (5)
 o - a wand of charming (3)
 F - a wand of iceblast (9)
Scrolls
 d - 6 scrolls of teleportation
 h - a scroll of fear {unknown}
 u - 2 scrolls of blinking
 v - a scroll of holy word
 z - 4 scrolls of magic mapping
 D - 3 scrolls of immolation
 E - 2 scrolls of vulnerability
 J - a scroll of enchant armour
 O - 2 scrolls of fog
 P - a scroll of silence
 U - 2 scrolls of identify
Potions
 c - 2 potions of degeneration
 e - 2 potions of brilliance {unknown}
 g - 4 potions of mutation
 k - 3 potions of might
 l - 3 potions of haste {unknown}
 p - a potion of invisibility
 C - a potion of berserk rage {unknown}
 I - 5 potions of lignification
 K - a potion of magic {unknown}
 L - 2 potions of resistance {unknown}
 Q - 3 potions of curing {unknown}
Miscellaneous
 Y - a tin of tremorstones (2/2)


   Skills:
 + Level 9.9 Fighting
 - Level 2.4(4.9) Axes
 - Level 6.7(6.9) Maces & Flails
 - Level 3.5 Armour
 + Level 5.7 Dodging
 - Level 1.9 Stealth
 - Level 4.0 Shields
 - Level 11.0 Spellcasting
 * Level 10.5 Invocations


You had 3 spell levels left.
You knew the following spells:

 Your Spells              Type           Power      Damage    Failure   Level
a - Magic Dart            Conj           100%       1d8       1%          1
b - Blink                 Tloc           100%       N/A       1%          2
c - Call Imp              Summ           64%        N/A       1%          2
d - Slow                  Hex            100%       N/A       1%          1
e - Conjure Flame         Conj/Fire      64%        6-21      1%          3
f - Mephitic Cloud        Conj/Pois/Air  64%        N/A       1%          3
g - Freeze                Ice            100%       1d11      1%          1
h - Ensorcelled Hibernat  Hex/Ice        100%       N/A       1%          2
i - Confusing Touch       Hex            64%        N/A       1%          3
j - Gell's Gravitas       Tloc           64%        N/A       1%          3
k - Lee's Rapid Deconstr  Erth           32%        3d17*     3%          5
l - Yara's Violent Unrav  Hex/Tmut       32%        3d13      3%          5
Your spell library was empty.

Dungeon Overview and Level Annotations

Branches:
Dungeon (9/15)             Temple (0/1) D:7            Lair (4/6) D:9
 Shoals (1/4) Lair:4        Snake (1/4) Lair:3
    Orc: D:9-12

Altars:
Elyvilon
Gozag
Makhleb
Nemelex Xobeh
Okawaru
Sif Muna
Trog
Wu Jian

Shops:
D:7 *   D:8 [

Annotations:
D:5 2 transporters
Shoals:1 Aizul


Innate Abilities, Weirdness & Mutations

You are immune to sickness and miasma.
You are immune to poison.
Your flesh is very heat resistant. (rF++)
You are vulnerable to cold. (rC-)
You float through the air rather than walking.
You learn spells naturally, not from books.
Your magical power is your life essence.
You have superior vitality. (+4 MHP)
You have a pair of small antennae on your head.
You have sharp fingernails.
Your muscles are strong. (Str +2)


Message History

You feel better.
The merfolk avatar chants a haunting song.
You are mesmerised by the merfolk avatar!
The water elemental hits you!
The water elemental engulfs you in water!
The merfolk avatar chants its luring song.
A faun comes into view. It is wielding a +0 quarterstaff.
The sea snake closely misses you.
It was a potion of flight.
You feel more buoyant.
The pull of its song draws you forwards.
The sea snake bites you.
The merfolk avatar chants its luring song.
The water elemental hits you.
It was a potion of degeneration.
There was something very wrong with that liquid.
You feel weakened.
You feel dopey.
You feel clumsy.
The pull of its song draws you forwards.
A faun comes into view. It is wielding a +0 spear.
The sea snake bites you but does no damage.
The faun unwields a +0 quarterstaff.
The faun wields a +0 hunting sling.
The faun shoots a sling bullet.
You block the sling bullet.
The merfolk siren hits you from afar with a +0 spear!
The merfolk avatar chants its luring song.
Okay, then.
As you read the scroll of teleportation, it crumbles to dust.
You feel strangely unstable.
The faun unwields a +0 spear.
The faun wields a +0 hunting sling.
The faun shoots a stone.
The stone hits you!
* * * LOW HITPOINT WARNING * * *
The sea snake bites you!
* * * LOW HITPOINT WARNING * * *
You block the merfolk siren's attack.
The faun shoots a sling bullet.
The sling bullet hits you!
* * * LOW HITPOINT WARNING * * *
The merfolk avatar chants its luring song.
The water elemental barely misses you. The water nymph casts a spell at you.
The water rises up and strikes you!
You die...

...........###....!......≈≈≈≈
..###......# ##..$.##..≈≈≈≈≈≈
.. #.....!.###....###..≈≈≈≈≈
.. .............≈## ..≈≈≈≈≈
..≈....##....≈≈≈# ..≈≈≈≈
≈.##≈≈≈≈≈≈# P≈≈≈
≈..≈≈.≈≈≈≈###.≈≈≈≈
≈≈≈m≈≈.≈m††≈.≈≈≈≈≈
≈......@S≈.P.P≈≈≈≈
c##....≈E≈.≈P≈≈≈≈≈
##..m....PP≈≈≈≈≈
..c..##...≈P≈≈≈≈≈ ≈≈≈...
##...≈P≈≈≈≈ ≈≈..$. .P..[≈≈≈≈≈
≈≈≈.. .....≈PP≈. ≈≈≈≈.
...P≈P.≈≈≈. ....≈..≈≈≈


You could see a merfolk avatar (mesmerising), a sea snake, 2 fauns, a water
elemental, a merfolk siren and a water nymph.

Vanquished Creatures
  A hydra (Lair:2)
  A boulder beetle (D:8)
  3 death yaks
  2 sea snakes (Shoals:1)
  An ugly thing (D:9)
  A manticore (Lair:4)
  A cyclops (Shoals:1)
  A merfolk siren (Shoals:1)
  An ice statue (D:7)
  A black mamba (Lair:1)
  10 cane toads
  The ghost of fknight the Sneak, a novice KoBr of Dithmenos (D:5)
  3 komodo dragons
  A meliai (D:9)
  A merfolk (Shoals:1)
  A polar bear (Lair:2)
  2 wind drakes
  19 blink frogs
  Prince Ribbit (D:8)
  3 dream sheep (Shoals:1)
  A slime creature (D:9)
  A vampire (D:9)
  35 yaks
  2 shadows (D:9)
  2 basilisks
  3 wyverns
  A steam dragon (D:8)
  2 acid dragons (D:9)
  7 water moccasins
  A sky beast (shapeshifter) (D:9)
  A sky beast (D:8)
  2 orc warriors
  An ice beast (D:7)
  2 hornet zombies
  A black bear (D:5)
  2 necrophages (D:5)
  11 wolves
  3 centaurs
  4 kobold brigands (D:9)
  14 bullfrogs
  A gnoll sergeant (D:9)
  3 scorpions (D:6)
  A water moccasin zombie (D:6)
  A wyvern skeleton (D:7)
  6 killer bees
  A wight (D:7)
  3 electric eels
  2 howler monkeys (D:9)
  A bullfrog zombie (D:6)
  2 jellies
  2 hounds (D:5)
  2 centaur zombies
  2 orc priests
  A centaur skeleton (D:7)
  5 iguanas
  8 orc wizards
  A hell rat (Lair:2)
  A killer bee zombie (D:8)
  2 howler monkey zombies
  4 adders
  4 gnolls
  A howler monkey skeleton (D:6)
  A white imp (D:7)
  An ufetubus (D:5)
  17 orcs
  4 bats
  7 endoplasms
  3 giant cockroaches
  4 goblins
  4 hobgoblins
  4 jackals (D:3)
  7 kobolds
  2 quokkas (D:1)
  8 ball pythons
  5 rats
  A butterfly (D:7)
273 creatures vanquished.

Vanquished Creatures (collateral kills)
  A hydra (D:9)
  A boulder beetle (D:9)
  A death yak (D:9)
  A faun (Shoals:1)
  A cane toad (Lair:4)
  A komodo dragon (Lair:4)
  A yak (Lair:2)
  A water moccasin (Lair:1)
  An orc warrior (D:6)
  An ice beast (D:6)
  A black bear (D:8)
  An ogre (D:6)
  5 centaurs
  A gnoll sergeant (D:9)
  A wyvern zombie (D:5)
  2 bullfrogs
  A water moccasin skeleton (D:5)
  A killer bee (D:8)
  2 bullfrog skeletons (D:6)
  A centaur zombie (D:9)
  A jelly (D:6)
  3 orc priests
  A hound (D:5)
  2 iguanas
  2 orc wizards
  An adder (D:2)
  4 gnolls
  3 worms
  A dart slug (D:1)
  2 orcs
  A bat (D:2)
  An endoplasm (D:4)
  A hobgoblin (D:2)
  A quokka (D:1)
  A ball python (D:2)
  3 kobolds
54 creatures vanquished.

Vanquished Creatures (others)
  A quokka (D:3)
  18 fungi
  26 plants
45 creatures vanquished.

Grand Total: 372 creatures vanquished

Notes
Turn   | Place    | Note
-------+----------+-------------------------------------------
     0 | D:1      | tizbic2 the Djinni Hedge Wizard began the quest for the
                  | Orb.
     0 | D:1      | Reached XP level 1. HP: 15/15 MP: 0/0
   178 | D:1      | Reached XP level 2. HP: 2/21 MP: 0/0
  1189 | D:1      | Reached XP level 3. HP: 13/25 MP: 0/0
  1189 | D:1      | Learned a level 1 spell: Freeze
  1883 | D:2      | Found a faded altar of an unknown god.
  1992 | D:2      | Reached skill level 3 in Spellcasting
  2301 | D:2      | Reached XP level 4. HP: 31/31 MP: 0/0
  3056 | D:4      | Reached skill level 4 in Spellcasting
  3056 | D:4      | Reached XP level 5. HP: 26/35 MP: 0/0
  3056 | D:4      | Learned a level 2 spell: Ensorcelled Hibernation
  3345 | D:4      | Found a burning altar of Makhleb.
  3352 | D:4      | Found a white marble altar of Elyvilon.
  3380 | D:4      | Reached XP level 6. HP: 35/40 MP: 0/0
  3614 | D:4      | Found a sparkling altar of Nemelex Xobeh.
  3677 | D:4      | Became a worshipper of Makhleb the Destroyer
  3696 | D:5      | Entered Level 5 of the Dungeon
  3696 | D:5      | Noticed fknight's ghost (novice KoBr)
  3696 | D:5      | Found a runed translucent door.
  3719 | D:5      | Reached skill level 5 in Spellcasting
  3828 | D:5      | Reached XP level 7. HP: 34/45 MP: 0/0
  3828 | D:5      | Learned a level 3 spell: Confusing Touch
  3974 | D:5      | Reached skill level 1 in Maces & Flails
  3976 | D:5      | Reached skill level 6 in Spellcasting
  4090 | D:5      | Found a transporter.
  4095 | D:5      | Noticed a kobold demonologist
  4110 | D:5      | Found a transporter.
  4342 | D:5      | Reached XP level 8. HP: 50/50 MP: 0/0
  4803 | D:6      | Reached skill level 7 in Spellcasting
  4815 | D:6      | Reached * piety under Makhleb
  5011 | D:6      | Reached XP level 9. HP: 55/55 MP: 0/0
  5011 | D:6      | Learned a level 3 spell: Gell's Gravitas
  5361 | D:6      | Reached skill level 8 in Spellcasting
  5704 | D:7      | Found a staircase to the Ecumenical Temple.
  5988 | D:7      | Found an opulent altar of Gozag.
  5994 | D:7      | Found an ornate altar of the Wu Jian Council.
  5994 | D:7      | Found an iron altar of Okawaru.
  6275 | D:7      | Found Lilunk's Assorted Antiques.
  6289 | D:7      | Bought a buckler for 139 gold pieces
  6289 | D:7      | Bought an ancient amber ring for 155 gold pieces
  6289 | D:7      | Identified the ring of Hisem {Ice Str+2 Int+4} (You bought
                  | it in a shop on level 7 of the Dungeon)
  6374 | D:7      | Found a bloodstained altar of Trog.
  6424 | D:7      | Reached skill level 1 in Shields
  6427 | D:7      | Reached ** piety under Makhleb
  6518 | D:7      | Noticed an ice statue
  6648 | D:7      | Reached skill level 1 in Invocations
  6874 | D:8      | Reached XP level 10. HP: 49/60 MP: 0/0
  7055 | D:8      | Reached skill level 9 in Spellcasting
  7261 | D:8      | Reached skill level 5 in Maces & Flails
  7446 | D:8      | Noticed Prince Ribbit
  7457 | D:8      | Killed Prince Ribbit
  7495 | D:8      | Found Ystroywusm's Antique Armour Emporium.
  7515 | D:8      | Noticed a boulder beetle
  7670 | D:9      | Noticed a death yak
  7671 | D:9      | Noticed a death yak
  7816 | D:9      | Found a staircase to the Lair.
  8056 | D:9      | Noticed a six-headed hydra
  8100 | D:9      | Noticed a green ugly thing
  8312 | D:9      | Reached *** piety under Makhleb
  8313 | D:9      | Reached XP level 11. HP: 65/65 MP: 0/0
  8313 | D:9      | Learned a level 5 spell: Lee's Rapid Deconstruction
  8428 | D:9      | Reached skill level 10 in Spellcasting
  8614 | D:9      | Killed a green ugly thing
  8615 | D:9      | Reached skill level 5 in Invocations
  8641 | D:9      | Noticed a boulder beetle
  8648 | D:9      | Killed a boulder beetle
  8660 | D:9      | Killed a six-headed hydra
  8906 | D:9      | Noticed a death yak
  8907 | D:9      | Noticed a death yak
  9021 | D:8      | Killed a death yak
  9107 | D:8      | Reached skill level 1 in Armour
  9282 | D:7      | Identified the ring "Nawee" {Wiz rElec}
  9295 | D:7      | Gained mutation: You have a pair of small antennae on your
                  | head. [potion of mutation]
  9295 | D:7      | Gained mutation: Your muscles are strong. (Str +2) [potion
                  | of mutation]
  9295 | D:7      | Gained mutation: You have sharp fingernails. [potion of
                  | mutation]
  9454 | D:5      | Killed fknight's ghost
  9461 | D:5      | Identified the +3 hand axe of a Labyrinth {vorpal, Int+4
                  | Stlth+}
  9727 | Lair:1   | Entered Level 1 of the Lair of Beasts
  9824 | D:9      | Killed a death yak
  9831 | D:9      | Killed a death yak
  9832 | D:9      | Reached skill level 1 in Axes
  9852 | D:9      | Killed a death yak
  9853 | D:9      | Reached skill level 11 in Spellcasting
  9853 | D:9      | Reached XP level 12. HP: 18/70 MP: 0/0
 10195 | D:8      | Killed a boulder beetle
 10196 | D:8      | Reached skill level 1 in Fighting
 11283 | Lair:2   | Reached **** piety under Makhleb
 11295 | Lair:2   | Reached skill level 5 in Fighting
 11507 | Lair:2   | Noticed a five-headed hydra
 11526 | Lair:2   | Killed a five-headed hydra
 11771 | Lair:2   | Reached XP level 13. HP: 70/90 MP: 0/0
 11771 | Lair:2   | Learned a level 5 spell: Yara's Violent Unravelling
 12198 | Lair:2   | Noticed a boulder beetle
 12346 | Lair:3   | Reached ***** piety under Makhleb
 12484 | Lair:3   | Identified the +0 ring mail "Rucacsus" {+Inv Regen+ rCorr
                  | Int+4}
 12683 | Lair:3   | Found a staircase to the Snake Pit.
 12698 | Snake:1  | Entered Level 1 of the Snake Pit
 12698 | Snake:1  | Noticed a naga warrior
 13428 | Lair:4   | Reached skill level 5 in Dodging
 13446 | Lair:4   | Reached skill level 10 in Invocations
 13530 | Lair:4   | Found a staircase to the Shoals.
 13546 | Shoals:1 | Entered Level 1 of the Shoals
 13648 | Shoals:1 | Noticed a merfolk avatar
 13649 | Shoals:1 | Noticed Aizul
 13793 | Shoals:1 | Noticed a merfolk avatar
 13804 | Shoals:1 | Killed from afar by a water nymph

Illustrated notes

Levels and vault maps discovered:
D:1:      scummos_arrival_simple_fountains, layout_basic, nrook_campfire
D:2:      layout_basic, ebering_ecumenical_altar_sacrificial
D:3:      wander_river, layout_rooms
D:4:      layout_cave_pools, nemelex_dance_club_becter,
          grunt_temple_overflow_diamond
D:5:      gammafunk_wand_slinger, layout_basic, ebering_ghost_inner_flame,
          kennysheep_generic_room_12
D:6:      layout_loops_ring, minivault_23, minmay_unpleasant_kobolds
D:7:      statuecave_lemuel, layout_cave_pools, mainiacjoe_overflow_catwalk,
          minitemple, minmay_temple_entry_butterflies, serial_shops, shop,
          minmay_manual_macuahuitl
D:8:      nicolae_cairo_tiling_very_big, layout_basic, serial_shops, shop,
          uniq_prince_ribbit1
D:9:      minmay_the_grid_4x2 [minmay_the_grid_embedded,
          minmay_the_grid_stretched_grid, minmay_the_grid_outer_diamond,
          minmay_the_grid_tree, minmay_the_grid_spikes,
          minmay_the_grid_dragon_b, minmay_the_grid_slots,
          minmay_the_grid_prize_inner_circle], layout_gridville,
          dpeg_lair_monsters
Lair:1:   layout_regular_city, serial_bayou_shore_a, grunt_megastairs_1
Lair:2:   layout_gridlike, hangedman_lair_generics_rect, lemuel_fruit_tree
Lair:3:   layout_loops_ring, guppyfry_snake_entry_island, grunt_megastairs_4,
          infiniplex_staircase_pool_2
Lair:4:   layout_cave_pods, minmay_shoals_entry_beasts
Shoals:1: layout_shoals, uniq_aizul
Snake:1:  kennysheep_snake, layout_gridlike, evilmike_ambush
          [evilmike_ambush_outer_basic, evilmike_ambush_inner_basic]

Skill      XL: |  1  2  3  4  5  6  7  8  9 10 11 12 13 |
---------------+----------------------------------------+-----
Spellcasting   | 3 4 5 6 7 8 9 11 | 11.0
Maces & Flails | 1 3 4 5 6 |  6.7
Shields        | 2 4 |  4.0
Invocations    | 1 4 6 8 10 | 10.5
Armour         | 2 3 |  3.5
Axes           | 1 2 |  2.4
Fighting       | 7 9 |  9.9
Dodging        | 5 |  5.7
Stealth        | |  1.9

Action                   |  1- 3 |  4- 6 |  7- 9 | 10-12 | 13-15 || total
-------------------------+-------+-------+-------+-------+-------++-------
Melee: Dagger            |    22 |     2 |       |       |       ||    24
       Staff             |    24 |     7 |       |       |       ||    31
       Short sword       |       |    11 |       |       |       ||    11
       Whip              |       |       |   201 |   319 |   220 ||   740
       Punch             |       |       |     3 |       |       ||     3
       Flail             |       |       |    15 |    28 |       ||    43
       Hand axe          |       |       |       |     7 |       ||     7
 Cast: Magic Dart        |    46 |    49 |    73 |    66 |    37 ||   271
       Slow              |     3 |     2 |     3 |     3 |    12 ||    23
       Call Imp          |     8 |    21 |    55 |    87 |    33 ||   204
       Blink             |     2 |       |     4 |    25 |     5 ||    36
       Mephitic Cloud    |     1 |     2 |     6 |    19 |     9 ||    37
       Freeze            |       |    37 |    40 |    30 |     1 ||   108
       Conjure Flame     |       |     3 |     3 |    20 |    13 ||    39
       Ensorcelled Hiber |       |     1 |     5 |     8 |       ||    14
       Gell's Gravitas   |       |       |       |    22 |     5 ||    27
       Confusing Touch   |       |       |       |    15 |     2 ||    17
       Lee's Rapid Decon |       |       |       |    67 |    43 ||   110
       Yara's Violent Un |       |       |       |       |    11 ||    11
Invok: Minor Destruction |       |       |     4 |    18 |    16 ||    38
       Lesser Servant of |       |       |       |     2 |       ||     2
  Use: Scroll            |       |     6 |     5 |     9 |     8 ||    28
       Potion            |       |       |       |     1 |     5 ||     6
 Stab: Sleeping          |     3 |       |     2 |     1 |       ||     6
       Confused          |     1 |     1 |     1 |    12 |     9 ||    24
       Distracted        |       |       |     2 |     1 |     3 ||     6
Armor: Robe              |    17 |     3 |       |       |       ||    20
       Ring mail         |       |    26 |   124 |    73 |    32 ||   255
       Acid dragon scale |       |       |       |    47 |    18 ||    65
Dodge: Dodged            |    31 |    32 |   111 |   189 |    89 ||   452
Block: Buckler           |       |       |       |    60 |    33 ||    93
